General information
- name: BNet
- type: Ladder team game (AT/RT)
- host: Battle.net
- saver: DIRTMCWORDUP
map: DragonFalls
- players: 8
- length: 24:39
- speed: Fast
- version: 1.21 W3XP
- replay type:

» download(213 KB)
Players
team 1 (winner)
BEAR_AND (
teal | 104 APM | 2553 actions | 24:38)
4 Archmage
2 Blizzard
2 Brilliance Aura
» actions
| Assign group hotkey | 8 | |
| Basic commands | 8 | |
| Build / train | 115 | |
| Enter build submenu | 68 | |
| Enter hero's abilities submenu | 4 | |
| Give item / drop item | 3 | |
| Remove unit from queue | 1 | |
| Right click | 1400 | |
| Select / deselect | 350 | |
| Select group hotkey | 451 | |
| Use ability | 145 | |
2553 total
» units
| Peasant | 17 | |
| Priest | 1 | |
| Sorceress | 2 | |
| Mortar Team | 8 | |
28 total
» upgrades
| Masonry | 3 | |
| Lumber Harvesting | 1 | |
| Magic Sentry | 1 | |
| Priest Training | 1 | |
| Gunpowder | 3 | |
| Armor | 2 | |
| Sorceress Training | 1 | |
| Fragmentation Shards | 1 | |
| Flare | 2 | |
15 total
» buildings
| Altar of Kings | 2 | |
| Farm | 8 | |
| Lumber Mill | 1 | |
| Scout Tower | 87 | |
| Guard Tower | 45 | |
| Keep | 1 | |
| Arcane Vault | 2 | |
| Town Hall | 2 | |
| Arcane Sanctum | 2 | |
| Arcane Tower | 3 | |
| Blacksmith | 1 | |
| Castle | 1 | |
| Workshop | 2 | |
157 total
» build order
00:14 Altar of Kings
00:33 Altar of Kings
01:02 Farm
01:06 Lumber Mill
01:12 Farm
01:52 Scout Tower
02:08 Scout Tower
02:14 Scout Tower
02:23 Scout Tower
02:31 Scout Tower
02:36 Scout Tower
02:43 Guard Tower
02:45 Scout Tower
02:47 Scout Tower
03:04 Guard Tower
03:05 Guard Tower
03:06 Guard Tower
03:09 Scout Tower
03:10 Scout Tower
03:17 Guard Tower
03:18 Scout Tower
03:18 Scout Tower
03:52 Guard Tower
04:07 Guard Tower
04:20 Keep
04:25 Arcane Vault
04:28 Scout Tower
04:34 Scout Tower
04:51 Scout Tower
04:52 Scout Tower
04:53 Scout Tower
04:53 Scout Tower
05:23 Guard Tower
05:26 Scout Tower
05:35 Scout Tower
05:37 Scout Tower
05:38 Guard Tower
05:43 Town Hall
05:45 Town Hall
05:49 Scout Tower
05:49 Scout Tower
05:50 Scout Tower
06:42 Guard Tower
06:44 Guard Tower
06:54 Scout Tower
06:55 Guard Tower
06:57 Scout Tower
07:24 Scout Tower
07:52 Scout Tower
08:08 Guard Tower
08:39 Guard Tower
08:42 Arcane Sanctum
08:48 Scout Tower
08:49 Scout Tower
08:55 Guard Tower
08:58 Scout Tower
08:59 Scout Tower
09:01 Scout Tower
09:02 Scout Tower
09:03 Scout Tower
09:11 Guard Tower
09:12 Guard Tower
09:12 Guard Tower
09:36 Guard Tower
09:55 Guard Tower
10:03 Scout Tower
10:03 Scout Tower
10:07 Guard Tower
10:10 Scout Tower
10:12 Scout Tower
10:19 Scout Tower
11:07 Guard Tower
11:11 Guard Tower
11:12 Scout Tower
11:13 Scout Tower
11:13 Scout Tower
11:22 Arcane Tower
11:40 Scout Tower
11:41 Scout Tower
11:42 Scout Tower
11:59 Guard Tower
12:02 Scout Tower
12:03 Scout Tower
12:04 Scout Tower
12:10 Guard Tower
12:30 Blacksmith
12:32 Castle
12:35 Guard Tower
12:45 Guard Tower
12:48 Scout Tower
12:49 Scout Tower
12:51 Scout Tower
12:51 Scout Tower
12:51 Scout Tower
12:53 Scout Tower
12:53 Scout Tower
12:54 Scout Tower
13:03 Guard Tower
14:16 Guard Tower
14:20 Scout Tower
14:20 Scout Tower
14:21 Scout Tower
14:22 Scout Tower
14:22 Scout Tower
14:37 Workshop
14:40 Arcane Sanctum
14:41 Workshop
14:43 Scout Tower
14:44 Scout Tower
14:44 Scout Tower
14:45 Scout Tower
14:48 Scout Tower
14:48 Scout Tower
14:49 Scout Tower
15:15 Farm
15:16 Farm
15:16 Farm
15:17 Farm
15:18 Farm
15:18 Farm
15:22 Guard Tower
15:42 Guard Tower
15:42 Guard Tower
15:45 Guard Tower
15:45 Guard Tower
16:59 Arcane Vault
17:24 Guard Tower
17:27 Guard Tower
17:28 Arcane Tower
17:48 Guard Tower
18:32 Guard Tower
20:17 Guard Tower
21:06 Guard Tower
21:16 Scout Tower
21:17 Scout Tower
21:19 Scout Tower
21:20 Scout Tower
21:20 Scout Tower
21:21 Scout Tower
21:21 Scout Tower
21:22 Scout Tower
21:23 Scout Tower
21:23 Scout Tower
21:24 Scout Tower
21:24 Scout Tower
21:25 Scout Tower
21:25 Scout Tower
21:25 Scout Tower
21:27 Scout Tower
21:28 Scout Tower
22:11 Arcane Tower
22:11 Guard Tower
23:03 Guard Tower
24:24 Guard Tower
» items
| Scroll of Regeneration | 1 | |
| Boots of Speed | 1 | |
| Staff of Teleportation | 1 | |
| Staff of Sanctuary | 13 | |
16 total

»
DIRTMCWORDUP (
red | 202 APM | 4970 actions | 24:39)
4 Dark Ranger
2 Black Arrow
2 Silence
3 Death Knight
2 Death Coil
1 Unholy Aura
2 Dreadlord
1 Sleep
1 Carrion Swarm
» actions
| Assign group hotkey | 28 | |
| Basic commands | 32 | |
| Build / train | 77 | |
| ESC pressed | 5 | |
| Enter build submenu | 20 | |
| Enter hero's abilities submenu | 9 | |
| Give item / drop item | 7 | |
| Right click | 1879 | |
| Select / deselect | 192 | |
| Select group hotkey | 2644 | |
| Use ability | 77 | |
4970 total
» units
| Acolyte | 9 | |
| Ghoul | 3 | |
| Crypt Fiend | 6 | |
| Obsidian Statue | 5 | |
| Frost Wyrm | 2 | |
25 total
» upgrades
| Creature Attack | 3 | |
| Burrow | 1 | |
| Destroyer Form | 1 | |
| Freezing Breath | 1 | |
| Creature Carapace | 3 | |
| Web | 1 | |
10 total
» buildings
| Graveyard | 1 | |
| Crypt | 1 | |
| Ziggurat | 7 | |
| Altar of Darkness | 2 | |
| Halls of the Dead | 1 | |
| Tomb of Relics | 2 | |
| Necropolis | 1 | |
| Slaughterhouse | 2 | |
| Black Citadel | 1 | |
| Sacrificial Pit | 1 | |
| Spirit Tower | 3 | |
| Boneyard | 1 | |
| Nerubian Tower | 1 | |
24 total
» build order
00:09 Graveyard
00:16 Crypt
00:22 Ziggurat
00:54 Altar of Darkness
01:51 Altar of Darkness
02:12 Ziggurat
04:19 Halls of the Dead
04:22 Ziggurat
04:30 Tomb of Relics
05:45 Necropolis
07:20 Ziggurat
07:23 Slaughterhouse
07:24 Slaughterhouse
08:21 Black Citadel
09:54 Sacrificial Pit
09:56 Spirit Tower
11:02 Ziggurat
11:04 Ziggurat
11:07 Ziggurat
11:17 Boneyard
13:08 Nerubian Tower
13:10 Spirit Tower
15:35 Tomb of Relics
» items
| Boots of Speed | 5 | |
| Orb of Corruption | 2 | |
| Staff of Sanctuary | 12 | |
| Potion of Healing | 1 | |
| Scroll of Town Portal | 1 | |
21 total
Gobiner (
pink | 54 APM | 1333 actions | 24:38)
5 Warden
3 Shadow Strike
2 Blink
» actions
| Assign group hotkey | 9 | |
| Basic commands | 15 | |
| Build / train | 70 | |
| ESC pressed | 2 | |
| Enter build submenu | 18 | |
| Enter hero's abilities submenu | 5 | |
| Give item / drop item | 4 | |
| Right click | 592 | |
| Select / deselect | 133 | |
| Select group hotkey | 388 | |
| Use ability | 97 | |
1333 total
» units
» upgrades
| Well Spring | 1 | |
| Ultravision | 1 | |
| Nature's Blessing | 1 | |
| Corrosive Breath | 1 | |
| Strength of the Wild | 3 | |
| Backpack | 1 | |
| Reinforced Hides | 3 | |
11 total
» buildings
| Altar of Elders | 1 | |
| Moon Well | 11 | |
| Tree of Ages | 1 | |
| Hunter's Hall | 1 | |
| Ancient of Wonders | 2 | |
| Tree of Life | 1 | |
| Tree of Eternity | 1 | |
| Ancient of Wind | 1 | |
| Chimaera Roost | 2 | |
21 total
» build order
00:08 Altar of Elders
00:10 Moon Well
00:57 Moon Well
04:21 Tree of Ages
04:57 Hunter's Hall
05:07 Moon Well
05:45 Ancient of Wonders
05:55 Moon Well
06:25 Tree of Life
06:43 Tree of Eternity
06:59 Moon Well
07:17 Ancient of Wind
08:23 Moon Well
09:24 Chimaera Roost
09:29 Chimaera Roost
18:00 Ancient of Wonders
20:21 Moon Well
20:23 Moon Well
20:24 Moon Well
20:25 Moon Well
20:26 Moon Well
» items
| Boots of Speed | 1 | |
| Staff of Teleportation | 1 | |
| Moonstone | 1 | |
| Lesser Clarity Potion | 3 | |
| Orb of Venom | 1 | |
| Scroll of Regeneration | 2 | |
| Staff of Sanctuary | 1 | |
10 total
iggy_the_fisk (
orange | 111 APM | 2723 actions | 24:38)
3 Archmage
2 Blizzard
1 Brilliance Aura
3 Mountain King
2 Storm Bolt
1 Bash
1 Pandaren Brewmaster
1 Breath of Fire
» actions
| Assign group hotkey | 208 | |
| Basic commands | 7 | |
| Build / train | 110 | |
| Enter build submenu | 86 | |
| Enter hero's abilities submenu | 7 | |
| Give item / drop item | 3 | |
| Right click | 1125 | |
| Select / deselect | 359 | |
| Select group hotkey | 547 | |
| Use ability | 271 | |
2723 total
» units
» upgrades
| Masonry | 3 | |
| Lumber Harvesting | 3 | |
| Magic Sentry | 1 | |
7 total
» buildings
| Altar of Kings | 1 | |
| Lumber Mill | 1 | |
| Farm | 6 | |
| Scout Tower | 94 | |
| Arcane Tower | 3 | |
| Guard Tower | 41 | |
| Keep | 1 | |
| Arcane Vault | 4 | |
| Castle | 1 | |
| Arcane Sanctum | 1 | |
| Town Hall | 1 | |
154 total
» build order
00:19 Altar of Kings
00:35 Lumber Mill
00:39 Farm
01:20 Farm
01:33 Scout Tower
01:58 Scout Tower
02:03 Arcane Tower
02:04 Scout Tower
02:14 Scout Tower
02:27 Scout Tower
02:30 Scout Tower
02:40 Guard Tower
02:41 Scout Tower
02:43 Scout Tower
02:55 Guard Tower
02:57 Scout Tower
02:58 Arcane Tower
02:59 Scout Tower
03:10 Guard Tower
03:11 Scout Tower
03:12 Scout Tower
03:40 Keep
03:42 Guard Tower
03:44 Scout Tower
03:46 Scout Tower
03:50 Guard Tower
03:52 Scout Tower
03:53 Scout Tower
04:15 Scout Tower
04:24 Guard Tower
04:29 Scout Tower
04:31 Scout Tower
04:38 Guard Tower
04:40 Scout Tower
04:42 Scout Tower
04:46 Arcane Tower
04:48 Arcane Vault
05:07 Guard Tower
05:18 Arcane Vault
05:22 Farm
06:52 Scout Tower
06:53 Scout Tower
06:58 Scout Tower
06:58 Scout Tower
07:00 Scout Tower
07:00 Scout Tower
07:07 Scout Tower
07:08 Scout Tower
07:32 Guard Tower
07:33 Guard Tower
07:33 Guard Tower
08:17 Guard Tower
08:20 Guard Tower
08:21 Scout Tower
08:23 Scout Tower
08:44 Castle
08:45 Scout Tower
08:46 Scout Tower
08:48 Scout Tower
09:04 Guard Tower
09:14 Scout Tower
09:17 Scout Tower
09:18 Scout Tower
09:21 Guard Tower
09:32 Arcane Sanctum
09:42 Guard Tower
09:50 Guard Tower
09:50 Guard Tower
09:54 Scout Tower
09:55 Scout Tower
10:01 Guard Tower
10:15 Guard Tower
10:19 Guard Tower
10:27 Guard Tower
10:29 Scout Tower
10:32 Scout Tower
11:24 Guard Tower
11:37 Scout Tower
11:40 Scout Tower
12:17 Guard Tower
12:18 Scout Tower
12:19 Scout Tower
12:43 Scout Tower
12:44 Scout Tower
12:45 Scout Tower
12:47 Scout Tower
12:49 Scout Tower
12:50 Scout Tower
13:12 Guard Tower
13:14 Scout Tower
13:15 Scout Tower
13:16 Scout Tower
13:16 Scout Tower
13:17 Scout Tower
13:18 Scout Tower
13:21 Scout Tower
13:22 Scout Tower
13:23 Scout Tower
13:23 Scout Tower
13:30 Farm
13:30 Farm
13:31 Farm
13:42 Scout Tower
13:43 Scout Tower
13:44 Scout Tower
13:45 Scout Tower
13:46 Scout Tower
13:47 Scout Tower
13:52 Guard Tower
13:54 Scout Tower
13:55 Scout Tower
13:56 Scout Tower
13:57 Scout Tower
13:59 Scout Tower
14:00 Scout Tower
14:01 Scout Tower
14:01 Scout Tower
15:19 Guard Tower
15:22 Town Hall
15:48 Guard Tower
16:11 Guard Tower
17:39 Scout Tower
17:40 Scout Tower
18:00 Guard Tower
18:05 Scout Tower
18:06 Scout Tower
18:07 Scout Tower
18:08 Scout Tower
18:11 Guard Tower
18:21 Scout Tower
18:41 Guard Tower
18:45 Arcane Vault
18:47 Guard Tower
18:51 Guard Tower
18:55 Scout Tower
18:56 Scout Tower
20:11 Guard Tower
20:12 Scout Tower
20:13 Scout Tower
20:23 Scout Tower
20:25 Guard Tower
20:28 Scout Tower
20:28 Scout Tower
20:35 Scout Tower
20:35 Scout Tower
21:01 Guard Tower
21:08 Scout Tower
21:09 Scout Tower
21:10 Guard Tower
21:11 Arcane Vault
23:03 Guard Tower
24:34 Guard Tower
» items
| Boots of Speed | 3 | |
| Staff of Teleportation | 3 | |
| Scroll of Town Portal | 4 | |
| Staff of Sanctuary | 4 | |
| Scroll of Regeneration | 3 | |
| Lesser Clarity Potion | 1 | |
| Potion of Healing | 1 | |
| Potion of Mana | 1 | |
| Orb of Venom | 1 | |
21 total
team 2 (loser)
llIIIlIlIllIIIl (
blue | 40 APM | 942 actions | 23:41)
3 Archmage
2 Summon Water Elemental
1 Blizzard
1 Paladin
1 Holy Light
» actions
| Assign group hotkey | 16 | |
| Basic commands | 14 | |
| Build / train | 90 | |
| Enter build submenu | 31 | |
| Enter hero's abilities submenu | 4 | |
| Give item / drop item | 3 | |
| Right click | 264 | |
| Select / deselect | 306 | |
| Select group hotkey | 136 | |
| Use ability | 78 | |
942 total
» units
| Peasant | 12 | |
| Footman | 11 | |
| Priest | 3 | |
| Knight | 3 | |
| Dragonhawk Rider | 5 | |
| Gryphon Rider | 3 | |
37 total
» upgrades
| Masonry | 3 | |
| Lumber Harvesting | 2 | |
| Magic Sentry | 1 | |
| Priest Training | 2 | |
| Plating | 2 | |
| Animal War Training | 1 | |
| Swords | 2 | |
| Gunpowder | 2 | |
| Armor | 2 | |
| Storm Hammers | 1 | |
| Cloud | 1 | |
19 total
» buildings
| Farm | 8 | |
| Barracks | 1 | |
| Altar of Kings | 1 | |
| Lumber Mill | 4 | |
| Scout Tower | 30 | |
| Guard Tower | 20 | |
| Keep | 1 | |
| Arcane Vault | 1 | |
| Arcane Tower | 2 | |
| Castle | 1 | |
| Arcane Sanctum | 1 | |
| Blacksmith | 1 | |
| Gryphon Aviary | 1 | |
72 total
» build order
00:22 Farm
00:24 Farm
00:38 Barracks
00:54 Altar of Kings
01:36 Farm
02:00 Farm
02:11 Lumber Mill
02:49 Scout Tower
02:59 Scout Tower
02:59 Scout Tower
03:08 Scout Tower
03:08 Scout Tower
03:54 Scout Tower
03:55 Scout Tower
04:22 Scout Tower
04:23 Scout Tower
04:24 Scout Tower
04:27 Scout Tower
04:34 Guard Tower
04:55 Guard Tower
05:08 Guard Tower
05:14 Keep
05:24 Guard Tower
06:02 Scout Tower
06:04 Arcane Vault
06:19 Arcane Tower
06:21 Scout Tower
06:22 Scout Tower
06:24 Scout Tower
06:25 Scout Tower
06:28 Scout Tower
06:34 Guard Tower
06:47 Guard Tower
07:10 Guard Tower
07:36 Guard Tower
07:37 Castle
08:49 Guard Tower
08:51 Guard Tower
09:13 Arcane Sanctum
09:16 Scout Tower
09:17 Scout Tower
10:01 Blacksmith
11:04 Farm
11:06 Farm
11:07 Farm
11:08 Farm
11:25 Lumber Mill
11:34 Guard Tower
11:35 Arcane Tower
12:25 Lumber Mill
13:51 Scout Tower
13:51 Scout Tower
14:23 Scout Tower
14:25 Guard Tower
14:38 Guard Tower
14:47 Scout Tower
14:52 Guard Tower
14:55 Scout Tower
15:00 Scout Tower
15:01 Scout Tower
15:29 Guard Tower
15:58 Gryphon Aviary
16:25 Guard Tower
16:28 Guard Tower
16:32 Scout Tower
16:33 Scout Tower
18:02 Guard Tower
18:07 Lumber Mill
18:24 Scout Tower
18:27 Scout Tower
19:22 Guard Tower
19:24 Guard Tower
» items
| Scroll of Regeneration | 1 | |
| Potion of Lesser Invulnerability | 1 | |
2 total
mykaku (
purple | 37 APM | 892 actions | 24:20)
1 Blademaster
1 Wind Walk
» actions
| Assign group hotkey | 8 | |
| Basic commands | 20 | |
| Build / train | 49 | |
| Enter build submenu | 34 | |
| Enter hero's abilities submenu | 1 | |
| Right click | 417 | |
| Select / deselect | 217 | |
| Select group hotkey | 102 | |
| Use ability | 44 | |
892 total
» units
| Peon | 6 | |
| Grunt | 1 | |
| Troll Headhunter/Berserker | 8 | |
| Goblin Shredder | 1 | |
| Demolisher | 4 | |
| Tauren | 3 | |
| Shaman | 6 | |
| Troll Witch Doctor | 3 | |
32 total
» upgrades
| Armor | 2 | |
| Ranged Weapons | 2 | |
| Shaman Training | 2 | |
| Burning Oil | 1 | |
| Berserker Upgrade | 1 | |
| Witch Doctor Training | 3 | |
| Melee Weapons | 1 | |
| Pulverize | 1 | |
13 total
» buildings
| Orc Burrow | 10 | |
| Altar of Storms | 1 | |
| Barracks | 1 | |
| War Mill | 1 | |
| Stronghold | 1 | |
| Spirit Lodge | 1 | |
| Fortress | 1 | |
| Tauren Totem | 2 | |
| Watch Tower | 7 | |
| Great Hall | 1 | |
| Beastiary | 1 | |
| Voodoo Lounge | 1 | |
28 total
» build order
00:17 Orc Burrow
00:25 Altar of Storms
00:51 Barracks
01:32 War Mill
03:09 Orc Burrow
04:11 Orc Burrow
04:59 Stronghold
05:58 Orc Burrow
07:25 Spirit Lodge
07:55 Fortress
08:05 Orc Burrow
10:23 Tauren Totem
10:27 Tauren Totem
12:39 Orc Burrow
12:49 Orc Burrow
13:39 Orc Burrow
13:49 Orc Burrow
14:19 Watch Tower
14:33 Orc Burrow
16:29 Great Hall
18:44 Beastiary
19:11 Watch Tower
19:15 Watch Tower
19:20 Watch Tower
20:53 Voodoo Lounge
21:01 Watch Tower
21:09 Watch Tower
23:04 Watch Tower
put2shame (
green | 46 APM | 1135 actions | 24:37)
3 Demon Hunter
2 Mana Burn
1 Immolation
» actions
| Basic commands | 43 | |
| Build / train | 59 | |
| ESC pressed | 3 | |
| Enter build submenu | 30 | |
| Enter hero's abilities submenu | 3 | |
| Right click | 577 | |
| Select / deselect | 356 | |
| Use ability | 64 | |
1135 total
» units
| Wisp | 18 | |
| Archer | 2 | |
| Huntress | 14 | |
| Dryad | 5 | |
| Hippogryph | 4 | |
43 total
» upgrades
| Strength of the Moon | 2 | |
| Moon Armor | 2 | |
| Strength of the Wild | 2 | |
| Reinforced Hides | 2 | |
| Abolish Magic | 1 | |
9 total
» buildings
| Ancient of War | 1 | |
| Altar of Elders | 1 | |
| Moon Well | 7 | |
| Hunter's Hall | 1 | |
| Ancient Protector | 8 | |
| Tree of Ages | 1 | |
| Ancient of Lore | 2 | |
| Ancient of Wonders | 1 | |
| Ancient of Wind | 1 | |
| Tree of Life | 2 | |
| Tree of Eternity | 1 | |
26 total
» build order
00:08 Ancient of War
00:14 Altar of Elders
00:37 Moon Well
02:07 Hunter's Hall
02:37 Moon Well
03:23 Ancient Protector
03:38 Moon Well
04:08 Ancient Protector
05:21 Ancient Protector
05:57 Tree of Ages
06:48 Moon Well
07:42 Moon Well
08:24 Ancient of Lore
09:06 Ancient of Wonders
11:11 Moon Well
12:24 Ancient Protector
12:40 Ancient of Lore
13:07 Ancient Protector
14:03 Ancient Protector
15:59 Ancient of Wind
17:39 Tree of Life
18:10 Moon Well
19:09 Ancient Protector
19:38 Ancient Protector
22:04 Tree of Eternity
24:14 Tree of Life
» items
XxcatastrophexX (
yellow | 31 APM | 763 actions | 24:26)
2 Death Knight
1 Death Coil
1 Unholy Aura
» actions
| Basic commands | 28 | |
| Build / train | 50 | |
| Enter build submenu | 33 | |
| Enter hero's abilities submenu | 2 | |
| Right click | 412 | |
| Select / deselect | 203 | |
| Use ability | 35 | |
763 total
» units
| Acolyte | 7 | |
| Ghoul | 4 | |
| Crypt Fiend | 7 | |
| Goblin Shredder | 1 | |
| Frost Wyrm | 10 | |
| Gargoyle | 4 | |
33 total
» upgrades
| Web | 1 | |
| Creature Attack | 3 | |
| Freezing Breath | 1 | |
| Creature Carapace | 1 | |
6 total
» buildings
| Altar of Darkness | 1 | |
| Ziggurat | 23 | |
| Crypt | 1 | |
| Graveyard | 1 | |
| Halls of the Dead | 1 | |
| Spirit Tower | 6 | |
| Black Citadel | 1 | |
| Sacrificial Pit | 1 | |
| Boneyard | 2 | |
37 total
» build order
00:08 Altar of Darkness
00:12 Ziggurat
00:29 Crypt
01:14 Graveyard
01:59 Ziggurat
02:06 Ziggurat
04:24 Halls of the Dead
05:17 Spirit Tower
05:19 Spirit Tower
08:12 Black Citadel
08:17 Ziggurat
08:19 Ziggurat
08:33 Ziggurat
08:35 Ziggurat
10:16 Spirit Tower
10:30 Sacrificial Pit
12:30 Ziggurat
12:32 Ziggurat
12:33 Ziggurat
12:36 Ziggurat
12:43 Ziggurat
12:46 Ziggurat
13:01 Boneyard
13:07 Boneyard
13:43 Spirit Tower
16:29 Ziggurat
16:32 Ziggurat
16:34 Ziggurat
20:56 Ziggurat
20:58 Ziggurat
21:00 Ziggurat
21:03 Ziggurat
21:04 Ziggurat
21:07 Ziggurat
21:10 Ziggurat
23:51 Spirit Tower
23:54 Spirit Tower
Chat log
(00:08 / All) llIIIlIlIllIIIl: TANK TECH
(00:12 / All) iggy_the_fisk: noob leave
(00:17 / All) iggy_the_fisk: owned u once already
(00:26 / All) put2shame: who
(00:30 / All) DIRTMCWORDUP: is like the ol dick switch
(00:33 / All) iggy_the_fisk: bad memory son? suck a fag
(00:37 / All) DIRTMCWORDUP: Except i switch my name so we match up with you retards again
(00:43 / All) iggy_the_fisk: (a cigarette you clod)
(03:06 / All) iggy_the_fisk: LEAAAVE NOOOOOBS
(04:21 / All) iggy_the_fisk: NOOOB
(04:26 / All) iggy_the_fisk: Noob orc leave
(08:56 / All) iggy_the_fisk: Lol purp
(08:57 / All) iggy_the_fisk: noob units
(08:58 / All) iggy_the_fisk: Leave
(08:59 / All) iggy_the_fisk: leave
(09:20 / All) mykaku: ur shit is reserved for ur mom.
(09:26 / All) BEAR_AND: wtf
(09:27 / All) BEAR_AND: does that
(09:28 / All) BEAR_AND: mean
(09:30 / All) BEAR_AND: noob tard
(09:32 / All) BEAR_AND: shithead
(09:41 / All) mykaku: thats right. im in america
(09:45 / All) mykaku: ur the perfect example
(09:47 / All) mykaku: get that ?
(09:50 / All) BEAR_AND: nope
(09:51 / All) mykaku: porrr babby
(09:52 / All) BEAR_AND: i'm canadian
(13:40 / All) BEAR_AND: oh lmao catastrophe
(13:47 / All) BEAR_AND: i f list you to synchronize searching
(13:50 / All) XxcatastrophexX: lol put me on firends?
(13:56 / All) XxcatastrophexX: lol
(17:33 / All) iggy_the_fisk: WOW noobs
(19:08 / All) BEAR_AND: u guys
(19:09 / All) BEAR_AND: shitnoobs?
(20:14 / All) iggy_the_fisk: Noobs
(20:15 / All) iggy_the_fisk: listen
(20:19 / All) iggy_the_fisk: why haven't you left?
(20:26 / All) llIIIlIlIllIIIl: bc u guys suck
(20:32 / All) llIIIlIlIllIIIl: come kill us we will leave
(20:37 / All) DIRTMCWORDUP: ok peace blue
(21:31 / All) iggy_the_fisk: wow you are shit at this game
(21:37 / All) llIIIlIlIllIIIl: come on
(21:40 / All) llIIIlIlIllIIIl: 1
(21:44 / All) llIIIlIlIllIIIl: come kiill me
(21:51 / All) iggy_the_fisk: you're already dead....
(22:44 / All) llIIIlIlIllIIIl: wow u guys suyck
(22:50 / All) iggy_the_fisk: ty for the free win
(23:13 / All) iggy_the_fisk: where ur dk go
(23:46 / All) iggy_the_fisk: NOOOBS
(24:19 / All) iggy_the_fisk: congratulations you have killed 0 towers
(24:29 / All) Gobiner: lmao so bad
(24:37 / All) Gobiner: why don't you come back when you got skills